 Dungeon Crawl Stone Soup version 0.20.0-15-g7f486f2 (webtiles) character file.

437 Hook the Digger (level 7, -5/37 HPs)
             Began as a Gargoyle Earth Elementalist on June 23, 2017.
             Slain by a crocodile (15 damage)
             ... in a sewer.
             The game lasted 00:10:03 (3756 turns).

Hook the Digger (Gargoyle Earth Elementalist)       Turns: 3756, Time: 00:10:04

Health: -5/37      AC:  7    Str: 11    XL:     7   Next: 1%
Magic:  10/13      EV: 12    Int: 18    God:
Gold:   157        SH:  0    Dex: 10    Spells: 4/14 levels left

rFire    . . .     SeeInvis .   f - +0 mace
rCold    . . .     Gourm    .   (no shield)
rNeg     + . .     Faith    .   c - +0 robe
rPois    ∞         Spirit   .   t - +0 helmet
rElec    +         Reflect  .   (no cloak)
rCorr    .         Harm     .   (no gloves)
MR       .....                  (no boots)
Stlth    ++........             (no amulet)
Regen    0.2/turn               (no ring)
MPRegen  0.2/turn               (no ring)

@: no status effects
A: negative energy resistance 1, electricity resistance, unbreathing,
petrification resistance, rot immunity, AC +4
a: no special abilities


You were in a sewer.
You were not hungry.

You visited 1 branch of the dungeon, and saw 4 of its levels.
You also visited: Sewer.

You collected 157 gold pieces.

Inventory:

Hand Weapons
 f - a +0 mace (weapon)
Missiles
 b - 2 stones (quivered)
Armour
 c - a +0 robe (worn)
 t - a +0 helmet (worn)
Jewellery
 a - an uncursed ring of protection from fire {unknown}
Scrolls
 g - a scroll of fog {unknown}
 m - a scroll of identify {unknown}
 n - 2 scrolls of teleportation
Potions
 h - 2 potions of haste {unknown}
 i - a potion of brilliance {unknown}
 j - 2 potions of curing {unknown}
 l - a potion of agility {unknown}
 o - a potion of ambrosia {unknown}
 q - a potion of degeneration {unknown}
 r - 2 potions of mutation {unknown}
 s - a potion of flight {unknown}
Books
 e - a book of Geomancy

   Spells                             Type                      Level
   a - Sandblast                      Earth                        1
   b - Passwall                       Transmutation/Earth          2
   c - Stone Arrow                    Conjuration/Earth            3
   d - Petrify                        Transmutation/Earth          4
   e - Lee's Rapid Deconstruction     Earth                        5
Comestibles
 d - 2 bread rations
 k - a meat ration
 p - a royal jelly
 u - 3 chunks of flesh


   Skills:
 + Level 0.4 Fighting
 * Level 2.0 Maces & Flails
 * Level 2.4 Dodging
 + Level 2.9 Stealth
 + Level 4.1 Spellcasting
 * Level 1.7 Transmutations
 * Level 5.6 Earth Magic


You had 4 spell levels left.
You knew the following spells:

 Your Spells              Type           Power        Failure   Level  Hunger
a - Sandblast             Erth           ###...       1%          1    None
b - Passwall              Tmut/Erth      ###.......   4%          2    ##.....
c - Stone Arrow           Conj/Erth      ##....       14%         3    ###....
d - Petrify               Tmut/Erth      ###.....     32%         4    ####...


Dungeon Overview and Level Annotations

Branches:
Dungeon (4/15)
 Temple: D:4-7

Altars:

Annotations:
D:4 Eustachio


Innate Abilities, Weirdness & Mutations

You are resistant to torment.
Your stone body is resilient. (AC +4)
You are immune to poison.
You resist negative energy. (rN+)
You are resistant to electric shocks. (rElec)
You can survive without breathing.
You are immune to petrification.
You are immune to rotting.


Message History

b - 3 stones The crocodile bites you but does no damage.
Casting: Sandblast
Confirm with . or Enter, or press ? or * to list all spells.
Aiming: Sandblast
Press: ? - help, Shift-Dir - straight line, f/p - crocodile
Aim: a crocodile (moderately wounded)
The blast of sand hits the crocodile.
The crocodile is heavily wounded.
b - 2 stones The crocodile bites you!
You completely miss the crocodile.
The crocodile is heavily wounded.
The crocodile bites you!
* * * LOW HITPOINT WARNING * * *
The crocodile completely misses you.
You hit the crocodile.
The crocodile is heavily wounded.
The crocodile bites you!
You die...

#.# ####### #.#
##.....## #.#
#...≈...## #.#
...≈≈≈...#######.#
∩.≈≈≈≈≈..........#
...≈≈≈...#######.#
#...≈...## #.#
##.....## #@#
####### #t# ...
..... .......
#.......#
#.......#
#..$($..#


You could see a crocodile.

Vanquished Creatures
  The ghost of Hook the Digger, an amateur GrEE (D:3)
  A bullfrog (D:4)
  2 orc wizards (D:3)
  Natasha (thrice) (D:2)
  An iguana (D:4)
  7 adders
  An ooze (D:1)
  A worm (D:2)
  2 dart slugs
  3 leopard geckos
  An orc (D:3)
  6 giant cockroaches
  7 goblins
  11 hobgoblins
  6 kobolds
  3 quokkas (D:3)
  2 ball pythons (D:1)
  15 bats
  2 frilled lizards
  8 rats
83 creatures vanquished.

Notes
Turn   | Place    | Note
-------+----------+-------------------------------------------
     0 | D:1      | Hook the Gargoyle Earth Elementalist began the quest for the Orb.
     0 | D:1      | Reached XP level 1. HP: 10/10 MP: 3/3
   208 | D:1      | Reached XP level 2. HP: 12/15 MP: 5/5
   403 | D:1      | Reached skill level 4 in Earth Magic
   720 | D:1      | Reached XP level 3. HP: 13/19 MP: 4/6
  1253 | D:2      | Learned a level 2 spell: Passwall
  1547 | D:2      | Reached skill level 1 in Maces & Flails
  1547 | D:2      | Reached XP level 4. HP: 23/24 MP: 4/8
  1602 | D:2      | Learned a level 3 spell: Stone Arrow
  1664 | D:2      | Noticed Natasha
  1667 | D:2      | Killed Natasha
  1739 | D:2      | Reached skill level 1 in Transmutations
  1920 | D:3      | Noticed Hook's ghost (amateur GrEE)
  1978 | D:2      | Noticed Natasha
  1993 | D:2      | Killed Natasha
  1993 | D:2      | Reached XP level 5. HP: 11/28 MP: 5/9
  2190 | D:2      | Noticed Natasha
  2207 | D:2      | Killed Natasha
  2735 | D:3      | Killed Hook's ghost
  2735 | D:3      | Reached skill level 5 in Earth Magic
  2735 | D:3      | Reached XP level 6. HP: 19/33 MP: 1/11
  3600 | D:4      | Found a glowing drain.
  3639 | D:4      | Reached XP level 7. HP: 37/37 MP: 9/13
  3645 | D:4      | Learned a level 4 spell: Petrify
  3690 | D:4      | Noticed Eustachio
  3706 | Sewer    | Entered a sewer
  3756 | Sewer    | Slain by a crocodile

Skill      XL: |  1  2  3  4  5  6 |
---------------+-------------------+-----
Earth Magic    | 4 5 |  5.6
Maces & Flails | 1 2 |  2.0
Dodging        | 2 |  2.4
Transmutations | 1 |  1.7
Spellcasting   | 3 4 |  4.1
Fighting       | |  0.4
Stealth        | |  2.9

Action                   |  1- 3 |  4- 6 |  7- 9 || total
-------------------------+-------+-------+-------++-------
Melee: Mace              |    75 |    82 |     9 ||   166
       Unarmed           |     4 |       |       ||     4
 Cast: Sandblast         |    26 |    51 |     7 ||    84
  Use: Scroll            |     3 |       |       ||     3
 Stab: Sleeping          |     4 |       |       ||     4
  Eat: Chunk             |     2 |     4 |       ||     6
       Bread ration      |       |     1 |       ||     1
Armor: Robe              |    64 |    45 |    21 ||   130
Dodge: Dodged            |    72 |    73 |    20 ||   165
